 Dungeon Crawl Stone Soup version 0.29.0-3-gbb0933ed62 (webtiles) character file.

Game seed: 5153850318153480343

474 themarg the Insei (level 7, -1/62 HPs)
             Began as a Gnoll Transmuter on Aug 25, 2022.
             Was an Initiate of Qazlal.
             Killed from afar by an electric eel (2 damage)
             ... with a bolt of electricity
             ... on level 4 of the Dungeon.
             The game lasted 00:13:24 (4447 turns).

themarg the Insei (Gnoll Transmuter)                Turns: 4447, Time: 00:13:25

Health: -1/62      AC:  7    Str: 10    XL:     7   Next: 10%
Magic:  15/15      EV: 11    Int: 20    God:    Qazlal [......]
Gold:   213        SH:  0    Dex: 12    Spells: 7/17 levels left

rFire   . . .      SeeInvis .     - Unarmed
rCold   + + +      Faith    .   (shield currently unavailable)
rNeg    . . .      Spirit   .   (body armour currently unavailable)
rPois   +          Reflect  .   (helmet currently unavailable)
rElec   +          Harm     .   (cloak currently unavailable)
rCorr   +          Rampage  .   (gloves currently unavailable)
Will    .....                   (boots currently unavailable)
Stlth   ++........              n - amulet of magic regeneration
HPRegen 0.20/turn               d - +6 ring of intelligence
MPRegen 0.54/turn               s - ring of resist corrosion

@: ice-form, resistant
A: freezing attack, amphibious, boosted hp, large, (fangs 1), strong nose,
distributed training
a: End Transformation, Renounce Religion


You were on level 4 of the Dungeon.
You worshipped Qazlal.
Qazlal was noncommittal.
You were a creature of crystalline ice.
You visited 2 branches of the dungeon, and saw 5 of its levels.

You collected 213 gold pieces.

Inventory:

Hand Weapons
 c - the +11 spear "Umaesopoi" (melded) {pain, Int+3}
   (You found it on level 2 of the Dungeon)

   In the hands of one skilled in necromantic magic, it inflicts extra damage on
   living creatures.
   Int:       It affects your intelligence (+3).
Missiles
 l - 16 poisoned darts
Armour
 a - a +0 robe (melded)
 v - a +0 helmet
Jewellery
 d - a +6 ring of intelligence (left front paw)
 n - an amulet of magic regeneration (around neck)
 s - a ring of resist corrosion (right front paw)
 u - an amulet of reflection
 B - an amulet of guardian spirit
Wands
 x - a wand of quicksilver (8)
 C - a wand of flame (12)
Scrolls
 f - 3 scrolls of butterflies {unknown}
 g - 2 scrolls of amnesia {unknown}
 h - 2 scrolls of vulnerability
 i - 2 scrolls of enchant weapon {unknown}
 m - 4 scrolls of teleportation {unknown}
 q - 4 scrolls of identify {unknown}
 t - a scroll of fear {unknown}
 y - 2 scrolls of noise {unknown}
 z - a scroll of silence {unknown}
Potions
 b - 2 potions of lignification
 e - 2 potions of haste {unknown}
 j - a potion of heal wounds {unknown}
 k - a potion of resistance
 o - a potion of degeneration {unknown}
 p - 2 potions of curing
 r - 2 potions of might {unknown}
 w - a potion of brilliance {unknown}
 A - a potion of invisibility {unknown}


   Skills:
 + Level 3.5 Fighting
 + Level 2.3 Short Blades
 + Level 2.3 Long Blades
 + Level 2.3 Axes
 + Level 2.3 Maces & Flails
 + Level 2.3 Polearms
 + Level 2.3 Staves
 + Level 2.3 Ranged Weapons
 + Level 2.3 Throwing
 + Level 2.3 Armour
 + Level 5.2 Dodging
 + Level 2.3 Stealth
 + Level 2.3 Shields
 + Level 7.0 Unarmed Combat
 + Level 5.5 Spellcasting
 + Level 1.9 Conjurations
 + Level 1.9 Hexes
 + Level 1.9 Summonings
 + Level 1.9 Necromancy
 + Level 1.9 Translocations
 + Level 4.2 Transmutations
 + Level 1.9 Fire Magic
 + Level 1.9 Ice Magic
 + Level 1.9 Air Magic
 + Level 1.9 Earth Magic
 + Level 1.9 Poison Magic
 + Level 2.6 Invocations
 + Level 2.3 Evocations


You had 7 spell levels left.
You knew the following spells:

 Your Spells              Type           Power      Damage    Failure   Level
a - Beastly Appendage     Tmut           44%        N/A       1%          1
b - Wereblood             Tmut           22%        N/A       2%          2
c - Spider Form           Tmut/Pois      18%        N/A       9%          3
d - Ice Form              Ice/Tmut       18%        N/A       30%         4

Your spell library contained the following spells:

 Spells                   Type           Power      Damage    Failure   Level
 Apportation              Tloc           26%        N/A       4%          1
 Olgreb's Toxic Radiance  Pois           13%        N/A       45%         4
 Blade Hands              Tmut           11%        N/A       45%         5
 Alistair's Intoxication  Tmut/Pois      12%        N/A       63%         5
 Irradiate                Conj/Tmut      9%         3d14      63%         5
 Dragon Form              Tmut           11%        N/A       100%        7
 Ozocubu's Refrigeration  Ice            6%         4d8       100%        7
 Ignition                 Fire           6%         3d4       100%        8


Dungeon Overview and Level Annotations

Branches:
Dungeon (4/15)             Temple (1/1) D:4

Altars:
Ashenzari
Cheibriados
Dithmenos
Elyvilon
Fedhas
Gozag
Hepliaklqana
Kikubaaqudgha
Makhleb
Nemelex Xobeh
Okawaru
Qazlal
Sif Muna
Trog
Uskayaw
Vehumet
Wu Jian
Xom
Yredelemnul
Zin
The Shining One

Annotations:
D:4 1 transporter


Innate Abilities, Weirdness & Mutations

You are a creature of crystalline ice.
You have a powerful freezing melee attack.
You are amphibious.
Your maximum health is increased.
Your armour is entirely melded.
You are incapable of wielding weapons or throwing items.
((You have very sharp teeth.))
Your uncanny sense of smell can sniff out nearby items.
Your experience applies equally to all skills.


Message History

You start memorising the spell.
You continue memorising. x4
You finish memorising.
Spell assigned to 'd'.
You can't go down here!
There is a transporter here.
You enter the transporter and appear at another place.
C - a wand of flame (12)
Casting: Spider Form (dangerous; 8% risk of failure)
Confirm with . or Enter, or press ? or * to list all spells.
The spell is quite dangerous to miscast (26% risk of failure)!
Continue anyway?
You turn into a creature of crystalline ice.
The +11 spear "Umaesopoi" {pain, Int+3} melds into your body.
Your +0 robe melds into your body.
You open the door.
The electric eel shoots out a bolt of lightning at you!
The bolt of electricity hits you! The bolt of electricity misses you.
There is an open door here.
The electric eel shoots out a bolt of lightning at you!
The bolt of electricity misses you. The bolt of electricity hits you!
The electric eel shoots out a bolt of lightning at you!
The bolt of electricity hits you.
You barely miss the electric eel. You punch the electric eel!
You freeze the electric eel!
You kill the electric eel!
Qazlal accepts your kill.
The electric eel shoots out a bolt of lightning at you!
The bolt of electricity hits you! x2
* * * LOW HITPOINT WARNING * * *
It was a potion of curing.
You feel better.
The electric eel shoots out a bolt of lightning at you!
The bolt of electricity hits you!
* * * LOW HITPOINT WARNING * * *
The bolt of electricity hits you!
* * * LOW HITPOINT WARNING * * *
It was a potion of resistance.
You feel protected.
You hit the electric eel. You freeze the electric eel.
The electric eel is lightly wounded.
The electric eel shoots out a bolt of lightning at you!
The bolt of electricity hits you. You resist.
You die...

####### ##...............#
##...............#
####................## #####
#....©...............# #.....
#.#######............# ......#
#.#8.©.8#........#...##
.......##.#P...P#.#......##...#
......†...###'###.##....###...#
.......#..#~..Y~#......## #...#
.......##.#~...S#.......###...#
....... #.#~~~~~#........##...#
....... #.#~~⌠P~#.##..........#
....... #.#~~~P~#.#####.......#
....... #.#~P~~~#.##.#####.[...
....... #.#~P~~~#...[## ##...#
#.###+###.....####....#
#.#P.[.P#.....##......#


You could see an electric eel.

Vanquished Creatures
  A sky beast (D:4)
  An ogre (D:4)
  A phantom (D:4)
  An electric eel (D:4)
  A hound (D:4)
  An orc priest (D:3)
  An orc wizard (D:3)
  3 adders
  3 worms (D:3)
  2 dart slugs
  3 orcs (D:3)
  6 endoplasms
  4 giant cockroaches
  8 goblins
  9 hobgoblins
  A jackal (D:3)
  3 quokkas
  11 ball pythons
  3 bats
  3 frilled lizards
  11 kobolds
  4 rats
81 creatures vanquished.

Vanquished Creatures (others)
  6 plants (D:2)
6 creatures vanquished.

Grand Total: 87 creatures vanquished

Notes
Turn   | Place    | Note
-------+----------+-------------------------------------------
     0 | D:1      | themarg the Gnoll Transmuter began the quest for the Orb.
     0 | D:1      | Reached XP level 1. HP: 17/17 MP: 6/6
   404 | D:1      | Reached XP level 2. HP: 23/23 MP: 5/7
   407 | D:1      | Learned a level 2 spell: Wereblood
  1210 | D:2      | Identified the +11 spear "Umaesopoi" {pain, Int+3}
  1228 | D:2      | Reached skill level 5 in Spellcasting
  1228 | D:2      | Reached XP level 3. HP: 28/28 MP: 6/9
  1520 | D:2      | Reached skill level 1 in Invocations
  1610 | D:2      | Found a faded altar of an unknown god.
  2315 | D:3      | Found a hazy altar of Hepliaklqana.
  2331 | D:3      | Reached skill level 1 in Short Blades
  2331 | D:3      | Reached skill level 1 in Long Blades
  2331 | D:3      | Reached skill level 1 in Axes
  2331 | D:3      | Reached skill level 1 in Maces & Flails
  2331 | D:3      | Reached skill level 1 in Polearms
  2331 | D:3      | Reached skill level 1 in Staves
  2331 | D:3      | Reached skill level 1 in Ranged Weapons
  2331 | D:3      | Reached skill level 1 in Throwing
  2331 | D:3      | Reached skill level 1 in Armour
  2331 | D:3      | Reached skill level 1 in Stealth
  2331 | D:3      | Reached skill level 1 in Shields
  2331 | D:3      | Reached skill level 1 in Evocations
  2397 | D:3      | Reached XP level 4. HP: 34/34 MP: 11/11
  2434 | D:3      | Learned a level 3 spell: Spider Form
  2710 | D:3      | Reached skill level 1 in Conjurations
  2710 | D:3      | Reached skill level 1 in Hexes
  2710 | D:3      | Reached skill level 1 in Summonings
  2710 | D:3      | Reached skill level 1 in Necromancy
  2710 | D:3      | Reached skill level 1 in Translocations
  2710 | D:3      | Reached skill level 1 in Fire Magic
  2710 | D:3      | Reached skill level 1 in Ice Magic
  2710 | D:3      | Reached skill level 1 in Air Magic
  2710 | D:3      | Reached skill level 1 in Earth Magic
  2710 | D:3      | Reached skill level 1 in Poison Magic
  2719 | D:3      | Reached XP level 5. HP: 17/40 MP: 12/12
  3067 | D:3      | Found a white marble altar of Elyvilon.
  3067 | D:3      | Found a burning altar of Makhleb.
  3389 | D:4      | Noticed an ogre
  3396 | D:4      | Killed an ogre
  3404 | D:4      | Found a staircase to the Ecumenical Temple.
  3414 | Temple   | Entered the Ecumenical Temple
  3679 | Temple   | Became a worshipper of Qazlal Stormbringer
  3741 | D:4      | Noticed a sky beast
  3747 | D:4      | Killed a sky beast
  3748 | D:4      | Reached skill level 5 in Dodging
  3748 | D:4      | Reached XP level 6. HP: 47/47 MP: 14/14
  3776 | D:4      | Found a transporter.
  3792 | D:4      | Found a transporter.
  4220 | D:4      | Reached skill level 7 in Unarmed Combat
  4220 | D:4      | Reached XP level 7. HP: 51/52 MP: 15/15
  4414 | D:4      | Learned a level 4 spell: Ice Form
  4445 | D:4      | HP: 1/62 [electric eel/bolt of electricity (7)]
  4447 | D:4      | Killed from afar by an electric eel

Illustrated notes

Levels and vault maps discovered:
D:1:      nagdon_arrival_zigzag_paths, layout_basic
D:2:      layout_loops_ring, serial_forest, infiniplex_forest_lined_2,
          infiniplex_forest_split, infiniplex_forest_lined_room_2,
          infiniplex_forest_clump_tiny, infiniplex_forest_clump_medium,
          infiniplex_forest_lined_3_way, infiniplex_forest_end_2,
          hellmonk_ecumenical_altar_lost_god
D:3:      layout_basic, overflow_temple_1_default,
          gammafunk_temple_overflow_statue, minmay_randomly_rotated_circles
D:4:      gammafunk_steamed_eel, layout_cave_pods, temple_statues
Temple:   dpeg_five_rooms_temple

Skill      XL: |  1  2  3  4  5  6 |
---------------+-------------------+-----
Spellcasting   | 5 |  5.5
Invocations    | 1 2 |  2.6
Short Blades   | 1 2 |  2.3
Long Blades    | 1 2 |  2.3
Axes           | 1 2 |  2.3
Maces & Flails | 1 2 |  2.3
Polearms       | 1 2 |  2.3
Staves         | 1 2 |  2.3
Ranged Weapons | 1 2 |  2.3
Throwing       | 1 2 |  2.3
Armour         | 1 2 |  2.3
Stealth        | 1 2 |  2.3
Shields        | 1 2 |  2.3
Evocations     | 1 2 |  2.3
Conjurations   | 1 |  1.9
Hexes          | 1 |  1.9
Summonings     | 1 |  1.9
Necromancy     | 1 |  1.9
Translocations | 1 |  1.9
Fire Magic     | 1 |  1.9
Ice Magic      | 1 |  1.9
Air Magic      | 1 |  1.9
Earth Magic    | 1 |  1.9
Poison Magic   | 1 |  1.9
Fighting       | 3 |  3.5
Transmutations | 4 |  4.2
Dodging        | 5 |  5.2
Unarmed Combat | 7 |  7.0

Action                   |  1- 3 |  4- 6 |  7- 9 || total
-------------------------+-------+-------+-------++-------
Melee: Whip              |    35 |       |       ||    35
       Unarmed           |     2 |    42 |     3 ||    47
       Kick              |    11 |     5 |       ||    16
       Headbutt          |     6 |     1 |       ||     7
       Bite              |    14 |     2 |       ||    16
       Spear             |    65 |    36 |     5 ||   106
       Punch             |     3 |     1 |       ||     4
 Cast: Beastly Appendage |    22 |     7 |       ||    29
       Wereblood         |       |     3 |       ||     3
       Spider Form       |       |     7 |       ||     7
       Ice Form          |       |       |     1 ||     1
  Use: Scroll            |       |     1 |       ||     1
       Potion            |       |       |     2 ||     2
 Stab: Sleeping          |     2 |     1 |       ||     3
Armor: Robe              |     5 |     4 |       ||     9
       Skin              |       |     3 |       ||     3
Dodge: Dodged            |    28 |    47 |     3 ||    78
